 Dungeon Crawl Stone Soup version 0.28.0-43-g3370ac3207 (webtiles) character file.

Game seed: 11026627802253131816

32 BIGUP the Ducker (level 3, 0/36 HPs)
             Began as a Troll Fighter on Mar 9, 2022.
             Was an Initiate of the Shining One.
             Slain by an endoplasm (1 damage)
             ... on level 3 of the Dungeon.
             The game lasted 00:03:20 (308 turns).

BIGUP the Ducker (Troll Fighter)                     Turns: 308, Time: 00:03:24

Health: 0/36       AC:  4    Str: 26    XL:     3   Next: 8%
Magic:  2/2        EV:  8    Int:  4    God:    the Shining One [......]
Gold:   44         SH:  7    Dex:  9    Spells: 2/2 levels left

rFire   . . .      SeeInvis .     - Unarmed
rCold   . . .      Faith    .   b - +0 kite shield
rNeg    . . .      Spirit   .   a - +0 robe
rPois   .          Reflect  .   (helmet restricted)
rElec   .          Harm     .   (no cloak)
rCorr   .          Rampage  .   (gloves unavailable)
Will    .....                   (boots unavailable)
Stlth   +.........              (no amulet)
HPRegen 0.92/turn               (no ring)
MPRegen 0.08/turn               (no ring)

@: glowing
A: large, unfitting armour, claws 3, regeneration 1, shaggy fur 1, tough skin 1
a: Renounce Religion


You were on level 3 of the Dungeon.
You worshipped the Shining One.
The Shining One was noncommittal.
You visited 1 branch of the dungeon, and saw 3 of its levels.

You collected 44 gold pieces.

Inventory:

Hand Weapons
 f - a +0 morningstar
Armour
 a - a +0 robe (worn)
 b - a +0 kite shield (worn)
 e - a +0 robe
Scrolls
 g - a scroll of enchant armour {unknown}
Potions
 c - a potion of might
 d - a potion of haste {unknown}
 h - a potion of attraction {unknown}


   Skills:
 + Level 2.7 Fighting
 + Level 2.8 Dodging
 + Level 2.7 Shields
 + Level 2.3 Unarmed Combat


You had 2 spell levels left.
You didn't know any spells.
Your spell library contained the following spells:

 Spells                   Type           Power      Damage    Failure   Level
 Apportation              Tloc           0%         N/A       80%         1
 Alistair's Intoxication  Tmut/Pois      0%         N/A       100%        5


Dungeon Overview and Level Annotations

Branches:
Dungeon (3/15)

Altars:
The Shining One


Innate Abilities, Weirdness & Mutations

You are too large for most types of armour.
You have claws for hands.
Your natural rate of healing is unusually fast.
You are covered in fur. (AC +1)
You have tough skin. (AC +1)


Message History

The adder bites you but does no damage. The adder barely misses you.
The hobgoblin hits you.
* * * LOW HITPOINT WARNING * * *
You closely miss the adder.
The adder is moderately wounded.
The adder bites you but does no damage.
The endoplasm hits you but does no damage.
The adder bites you but does no damage.
The hobgoblin hits you but does no damage.
The endoplasm hits you but does no damage.
The hobgoblin hits you but does no damage.
Unknown command.
Unknown command.
You claw the hobgoblin!
You kill the hobgoblin!
You block the adder's attack. The adder closely misses you.
You block the endoplasm's attack. You block the hobgoblin's attack.
The endoplasm hits you but does no damage.
The adder bites you.
* * * LOW HITPOINT WARNING * * *
The adder bites you.
* * * LOW HITPOINT WARNING * * *
Welcome back, BIGUP the Troll Fighter.
The Shining One says: Lead the forces of light to victory!
Press ? for a list of commands and other information.
You claw the adder!
You kill the adder!
The endoplasm closely misses you. You block the hobgoblin's attack.
The endoplasm closely misses you. The adder barely misses you.
You have reached level 3!
Your experience leads to an increase in your attributes!
Increase (S)trength, (I)ntelligence, or (D)exterity?
You feel stronger. x3
You claw the hobgoblin!
You kill the hobgoblin!
A bat comes into view.
The endoplasm hits you.
* * * LOW HITPOINT WARNING * * *
You block the adder's attack. The endoplasm hits you.
You die...

## #. ##. #. ..
##.####.#
#.......
.##......#
........<#
b.....S†.#
.......@J#
........J.....#
##............#
#.............#
..#...........#
. ####....#####
####.# >#


You could see an adder, 2 endoplasms and a bat.

Vanquished Creatures
  2 adders
  A worm (D:2)
  2 endoplasms
  A goblin (D:1)
  3 hobgoblins
  A ball python (D:1)
  A frilled lizard (D:1)
  A kobold (D:1)
  4 rats
16 creatures vanquished.

Notes
Turn   | Place    | Note
-------+----------+-------------------------------------------
     0 | D:1      | BIGUP the Troll Fighter began the quest for the Orb.
     0 | D:1      | Reached XP level 1. HP: 22/22 MP: 0/0
   167 | D:2      | Reached XP level 2. HP: 29/29 MP: 1/1
   177 | D:2      | Found a glowing golden altar of the Shining One.
   190 | D:2      | Became a worshipper of the Shining One
   306 | D:3      | HP: 1/29 [adder (2)]
   308 | D:3      | Reached XP level 3. HP: 2/36 MP: 2/2
   308 | D:3      | Slain by an endoplasm

Illustrated notes

Levels and vault maps discovered:
D:1:      eino_arrival_cavern_b, layout_basic, minmay_misc_feat_four_crosses
D:2:      layout_basic, basic_altar, shapermc_ecumenical_altar_gd
D:3:      layout_rooms

Action                   || total
-------------------------++-------
Melee: Unarmed           ||    37
Armor: Robe              ||    28
Dodge: Dodged            ||    24
Block: Kite shield       ||    18
